 Dungeon Crawl Stone Soup version 0.31.0-11-ge490571c62 (webtiles) character file.

Game seed: 15876845354090434188

2833 DildoBatman the Chiller (level 10, -5/74 HPs)
             Began as a Formicid Conjurer on Feb 10, 2024.
             Was an Initiate of Gozag.
             Slain by a manticore (19 damage)
             ... on level 6 of the Dungeon.
             The game lasted 00:22:08 (7956 turns).

DildoBatman the Chiller (Formicid Conjurer)         Turns: 7956, Time: 00:22:09

Health: -5/74      AC:  9    Str: 12    XL:     10   Next: 3%
Magic:  12/19      EV: 12    Int: 25    God:    Gozag
Gold:   179        SH:  0    Dex: 12    Spells: 15/21 levels left

rFire   . . .        M - +2 trident (drain)
rCold   . . .        I - orb of the Sultana {mayhem, Will+ Int+3 Hexes}
rNeg    . . .        N - +1 robe
rPois   .            (helmet unavailable)
rElec   .            K - +2 cloak
rCorr   .            o - +0 pair of gloves
SInv    +            m - +0 pair of boots
Will    +++..        (no amulet)
Stlth   ++           y - ring of willpower
HPRegen 0.32/turn    (no ring)
MPRegen 0.16/turn

%: mayhem
@: gold aura, freezing walls
A: permanent stasis, dig shafts and tunnels, antennae 3, four strong arms
a: Dig, Shaft Self, Renounce Religion, Potion Petition, Call Merchant, Bribe
Branch


You were on level 6 of the Dungeon.
You worshipped Gozag.
Gozag was aware of your devotion.
You visited 2 branches of the dungeon, and saw 8 of its levels.

You collected 398 gold pieces.
You spent 104 gold pieces at shops.
You paid 115 gold pieces to Gozag.

Inventory:

Hand Weapons
 a - a +0 shortbow
 c - a +1 whip of flaming
 w - a +2 mace of holy wrath
 M - a +2 trident of draining (weapon)
Missiles
 d - 88 stones
 z - 6 poisoned darts
 C - 4 boomerangs
Armour
 m - a +0 pair of boots (worn)
 o - a +0 pair of gloves (worn)
 F - an orb of energy
 H - a +0 buckler
 I - the orb of the Sultana (worn) {mayhem, Will+ Int+3 Hexes}
   (You found it on level 7 of the Dungeon)

   Int+3:     It affects your intelligence (+3).
   Will+:     It increases your willpower.
   Hexes:     It increases the power of your Hexes spells.
 K - a +2 cloak (worn)
 N - a +1 robe (worn)
Magical Staves
 t - a staff of air
Jewellery
 y - a ring of willpower (left hand)
Scrolls
 f - a scroll of enchant weapon {unknown}
 j - 4 scrolls of poison {unknown}
 k - a scroll of blinking {unknown}
 l - 2 scrolls of fog {unknown}
 n - 5 scrolls of identify {unknown}
 q - 5 scrolls of teleportation {unknown}
 s - a scroll of brand weapon {unknown}
 A - 2 scrolls of enchant armour {unknown}
 B - 2 scrolls of fear {unknown}
 D - a scroll of amnesia {unknown}
 G - 3 scrolls of butterflies {unknown}
Potions
 b - 2 potions of magic
 g - a potion of resistance {unknown}
 i - 2 potions of mutation
 p - a potion of degeneration {unknown}
 r - 4 potions of curing {unknown}
 u - a potion of haste {unknown}
 v - a potion of ambrosia {unknown}
 x - a potion of attraction {unknown}
 E - a potion of brilliance {unknown}
 J - a potion of cancellation {unknown}
 L - a potion of heal wounds {unknown}


   Skills:
 - Level 5.2 Fighting
 - Level 5.0 Armour
 - Level 3.0 Dodging
 - Level 3.0 Stealth
 - Level 3.0 Shields
 * Level 6.1 Spellcasting
 - Level 5.0 Conjurations
 * Level 7.7 Ice Magic


You had 15 spell levels left.
You knew the following spells:

 Your Spells              Type           Power      Damage    Failure   Level
a - Searing Ray           Conj           64%        2d6       1%          2
b - Frozen Ramparts       Ice            92%        1d14      1%          3
c - Magic Dart            Conj           100%       1d8       1%          1

Your spell library contained the following spells:

 Spells                   Type           Power      Damage    Failure   Level
 Freeze                   Ice            100%       1d10      1%          1
 Hailstorm                Conj/Ice       39%        3d9       1%          3
 Static Discharge         Conj/Air       40%        3-5/arc   4%          2
 Fulminant Prism          Conj/Alch      10%        3d9       26%         4
 Iskenderun's Mystic Bla  Conj/Tloc      20%        2d6       26%         4
 Airstrike                Air            3%         2d(1-17)  58%         4
 Summon Lightning Spire   Summ/Air       7%         N/A       58%         4


Dungeon Overview and Level Annotations

Branches:
Dungeon (7/15)             Temple (1/1) D:5

Altars:
Cheibriados
Dithmenos
Elyvilon
Fedhas
Gozag
Hepliaklqana
Makhleb
Nemelex Xobeh
Okawaru
Qazlal
Ru
Sif Muna
Trog
Uskayaw
Vehumet
Wu Jian
Xom
Yredelemnul
Zin
The Shining One

Shops:
D:5 **:

Annotations:
D:2 exclusion: adder, Sigmund
D:4 exclusion: bombardier beetle
D:7 2 transporters, exclusion: 2 oklob plants, Pascal76's ghost, novice MiCK


Innate Abilities, Weirdness & Mutations

You cannot be hasted, slowed, berserked, paralysed or teleported.
You can dig through walls and to a lower floor.
You have a pair of large antennae on your head. (SInv)
Your four strong arms can wield two-handed weapons with a shield.


Message History

Casting: Searing Ray (safe; 1% risk of failure)
Confirm with . or Enter, or press ? or * to list all spells.
Casting: Frozen Ramparts (safe; 1% risk of failure)
Press: ? - help, Dir - look around, f - activate The walls around you are covered in ice.
The wall freezes the gnoll bouda.
The wall freezes the manticore!
The manticore bites you! The manticore closely misses you.
The manticore claws you.
Casting: Frozen Ramparts (safe; 1% risk of failure)
Confirm with . or Enter, or press ? or * to list all spells.
Aiming: Searing Ray (safe; 1% risk of failure)
Press: ? - help, Shift-Dir - straight line, f - manticore
Aim: a manticore (moderately wounded, lightly drained, 88% to hit)
The searing ray hits the manticore.
The manticore is moderately wounded. (Press . to maintain the ray.)
The wall freezes the gnoll bouda but does no damage.
The gnoll bouda hits you but does no damage.
The wall freezes the manticore but does no damage.
The manticore bites you!! The manticore claws you.
The manticore barely misses you.
The searing ray hits the manticore.
The manticore is heavily wounded.
The wall freezes the gnoll bouda.
The gnoll bouda closely misses you.
The wall freezes the manticore but does no damage.
The manticore closely misses you.
The manticore claws you but does no damage.
The manticore barely misses you.
The searing ray hits the manticore.
The manticore is heavily wounded.
The wall freezes the gnoll bouda!
You kill the gnoll bouda!
The wall freezes the manticore.
The manticore bites you!!
You die...
Your body crumbles into a pile of gold.

..#########...#..........#....#..
......#.......#..........#....#..
......#~~~~...#.#~~~~#+###....#..
......~~##~....<~~##~.........#..
.....~~##~~~~~~~~##~~...~~~~..##.
~~~~~~############~~~~~~~##~...##
~###### #.~#.######~##~~...#. ##
{ #.$#.#.#.###~~....#. {{
g#@.$~.~..'~.....#. #
#H#.#.#.###~~....'. ##### {
#~..######~##~~...##
~~~~##############~~~~~~~##~.....
..#~~~~~~~##~~~~~##~~...~~~~.....
..#......~~##~..~~##~'...........
..#.......~~~~<..~~~~#...........
###.......#######'####...........
#.......................#########


You could see a manticore (drained).

Vanquished Creatures
  Jeremiah (D:6)
  Prince Ribbit (D:6)
  A wraith (D:6)
  2 water moccasins
  3 black bears
  2 ice beasts (D:7)
  A sky beast (D:6)
  An ogre (D:5)
  3 centaurs
  A phantom (D:6)
  A bullfrog (D:7)
  2 scorpions
  A howler monkey (D:6)
  A bombardier beetle (D:7)
  2 gnoll boudas
  3 orc priests
  2 jellies
  4 hounds
  3 orc wizards (D:7)
  A sleepcap (D:6)
  2 iguanas (D:5)
  14 gnolls
  11 adders
  A shadow imp (D:6)
  5 ribbon worms
  22 orcs
  3 bats
  8 endoplasms
  A giant cockroach (D:2)
  4 goblins
  7 hobgoblins
  5 jackals
  3 quokkas
  5 ball pythons
  5 frilled lizards
  13 kobolds
  3 rats
148 creatures vanquished.

Notes
Turn   | Place    | Note
-------+----------+-------------------------------------------
     0 | D:1      | DildoBatman the Formicid Conjurer began the quest for the
                  | Orb.
     0 | D:1      | Reached XP level 1. HP: 13/13 MP: 3/3
   321 | D:1      | Reached XP level 2. HP: 17/20 MP: 3/5
   324 | D:1      | Learned a level 2 spell: Searing Ray
   379 | D:1      | Found a faded altar of an unknown god.
   590 | D:1      | Reached skill level 1 in Armour
   734 | D:1      | Reached XP level 3. HP: 25/25 MP: 6/6
  1073 | D:2      | Noticed Sigmund
  1163 | D:2      | Reached skill level 1 in Fighting
  1345 | D:2      | Learned a level 3 spell: Frozen Ramparts
  1369 | D:2      | Reached XP level 4. HP: 32/32 MP: 2/7
  1977 | D:2      | Reached XP level 5. HP: 20/38 MP: 4/9
  2819 | D:4      | Reached XP level 6. HP: 46/46 MP: 5/11
  3673 | D:4      | Reached XP level 7. HP: 43/52 MP: 2/13
  3938 | D:5      | Entered Level 5 of the Dungeon
  3981 | D:5      | Found a staircase to the Ecumenical Temple.
  3990 | Temple   | Entered the Ecumenical Temple
  3994 | Temple   | Reached skill level 5 in Conjurations
  4095 | D:5      | Found a basalt altar of Yredelemnul.
  4471 | D:5      | Reached skill level 5 in Spellcasting
  4566 | D:5      | Found a snail-covered altar of Cheibriados.
  4670 | D:5      | Found Didogax's General Store.
  4671 | D:5      | Found Utauw's General Store.
  4673 | D:5      | Found Leuling's Book Shoppe.
  4703 | D:5      | Bought a potion of mutation for 104 gold pieces
  5063 | D:6      | Found a white marble altar of Elyvilon.
  5214 | D:6      | Reached XP level 8. HP: 58/58 MP: 8/17
  5329 | D:6      | Found an iron altar of Okawaru.
  5330 | D:6      | Noticed a wraith
  5339 | D:6      | Noticed Jeremiah
  5476 | D:6      | Found an ornate altar of the Wu Jian Council.
  5478 | D:6      | Found a bloodstained altar of Trog.
  5581 | D:6      | Noticed a +0 short sword
  5581 | D:6      | Noticed a +0 falchion
  5582 | D:6      | Noticed a +0 dagger
  5583 | D:6      | Noticed a +0 dagger
  5583 | D:6      | Noticed a +0 spear
  5583 | D:6      | Noticed a +0 short sword
  5584 | D:6      | Noticed a +0 spear
  5584 | D:6      | Noticed a +0 falchion
  5587 | D:6      | Found a hide-covered altar of Uskayaw.
  5691 | D:6      | Noticed Prince Ribbit
  6072 | D:7      | Reached skill level 5 in Fighting
  6072 | D:7      | Reached skill level 5 in Armour
  6084 | D:6      | Reached skill level 1 in Ice Magic
  6263 | D:6      | Reached skill level 2 in Ice Magic
  6263 | D:6      | Reached XP level 9. HP: 52/68 MP: 18/18
  6358 | D:7      | Reached skill level 3 in Ice Magic
  6360 | D:7      | Reached skill level 4 in Ice Magic
  6597 | D:7      | Found a transporter.
  6681 | D:7      | Reached skill level 1 in Shields
  6685 | D:7      | Identified the orb of the Sultana {mayhem, Will+ Int+3
                  | Hexes}
  6798 | D:7      | Noticed Pascal76's ghost (novice MiCK)
  6800 | D:7      | Noticed an oklob plant
  6800 | D:7      | Noticed a two-headed ogre
  6833 | D:7      | Noticed an oklob plant
  6849 | D:7      | Found a transporter.
  6866 | D:7      | Found an opulent altar of Gozag.
  6877 | D:7      | Became a worshipper of Gozag Ym Sagoz the Greedy
  6895 | D:7      | Reached skill level 5 in Ice Magic
  7317 | D:7      | Found a burning altar of Makhleb.
  7571 | D:6      | Killed Prince Ribbit
  7572 | D:6      | Reached skill level 6 in Ice Magic
  7855 | D:6      | Killed Jeremiah
  7856 | D:6      | Reached skill level 7 in Ice Magic
  7856 | D:6      | Reached XP level 10. HP: 67/74 MP: 11/19
  7952 | D:6      | Noticed a manticore
  7956 | D:6      | Slain by a manticore

Illustrated notes

Levels and vault maps discovered:
D:1:      dpeg_arrival_long_road, layout_loops_corners,
          hellmonk_ecumenical_altar_prayer_group
D:2:      layout_loops_ring, uniq_sigmund
D:3:      layout_loops_cross, nicolae_half_adder
D:4:      layout_layer_cave
D:5:      layout_cave_pools, slow_altar_1, mainiacjoe_overflow_tiny_flanked,
          minmay_temple_entry_gardened_gates, serial_co_window_serial,
          co_window_corner_a, co_window_corner_a, co_window_of_opportunity_a,
          co_window_of_opportunity_a, co_window_of_opportunity_a,
          co_window_corner_ca, co_window_of_opportunity_b, co_window_cross_3,
          co_window_unsneaky_path_a, co_window_2corner, co_window_2corner,
          co_window_paths_d, nicolae_wooded_promenade
D:6:      layout_gridville, okawaru_metal_pillars_1_2, elyvilon_altar_5,
          jmf_multi_god_temple, nicolae_uskayaw_en_pointe,
          serial_library_hellmonk_hallway_a, kennysheep_minor_cross,
          minmay_manual_mullet, uniq_jeremiah, uniq_prince_ribbit1
D:7:      layout_basic, lemuel_round_altar,
          nicolae_gozag_cash_rules_everything_around_me, nzn_ghost_randoct,
          minmay_door_square, kennysheep_flooded_box, minmay_curled_crystal,
          lightli_orcish_oven
Temple:   bh_familiar_temple

Skill      XL: |  1  2  3  4  5  6  7  8  9 |
---------------+----------------------------+-----
Dodging        | 2 3 |  3.0
Armour         | 1 2 3 5 |  5.0
Fighting       | 1 2 3 5 |  5.2
Stealth        | 3 |  3.0
Conjurations   | 4 5 |  5.0
Spellcasting   | 3 4 6 |  6.1
Ice Magic      | 2 7 |  7.7
Shields        | 3 |  3.0

Action                     |  1- 3 |  4- 6 |  7- 9 | 10-12 || total
---------------------------+-------+-------+-------+-------++-------
  Melee: Dagger            |       |       |    79 |       ||    79
         Mace              |       |       |     4 |       ||     4
         Trident           |       |       |       |    24 ||    24
   Fire: Sling             |    75 |    67 |    18 |       ||   160
         Shortbow          |       |       |     4 |       ||     4
   Cast: Magic Dart        |    16 |    22 |    30 |       ||    68
         Searing Ray       |     5 |    18 |    41 |     1 ||    65
         Frozen Ramparts   |       |       |     6 |     1 ||     7
 Armour: Robe              |    12 |    26 |   119 |    34 ||   191
  Dodge: Dodged            |    19 |    37 |   125 |    25 ||   206
